AoeStats
← MkobeW

Lombardia

510251299Analyzed
4v4 RM · 16h ago on Sep 30, 2026· 45m 59s· 8 players
Game mode
Random Map
Map size
Large (8 player)
Population
200
Speed
Normal
Resources
Standard
Victory
Conquest
Starting age
Dark Age
Ending age
Imperial Age
RankedLock teamsTeams togetherTeam positionsShared explorationLock speedFull tech treeHidden civsTurbo modeCheats
Victory
Defeat
🇲🇽 Magyars · Mexico
1595
+8
🇨🇱 Varangians · Chile
1593
+8
🇲🇽 Spanish · Mexico
1481
+26
🇲🇽 Persians · Mexico
1463
+13
🇺🇸 Varangians · United States
1460
-12
🇺🇸 Turks · United States
1453
-12
🇺🇸 Danes · United States
1358
-9
🇺🇸 Ethiopians · United States
1325
-20
ShiftyShnike
10:18 Feudal Age
13:53 Castle Age
12:15 Double-Bit Axe
13:37 Horse Collar
20:57 Wheelbarrow
22:21 Loom
23:12 Fletching
24:19 Bodkin Arrow
27:05 Hand Cart
28:15 Heavy Plow
33:25 Imperial Age
30:44 Gambesons
31:00 Squires
30:45 Arson
31:04 Scale Mail Armor
31:30 Treadmill Crane
32:10 Chain Mail Armor
32:05 Forging
33:33 Gothikon
33:44 Elite Varangian Guard
34:58 Plate Mail Armor
35:03 Iron Casting
35:00 Conscription
37:56 Blast Furnace
37:29 Ballistics
38:10 Chemistry
37:05 Murder Holes
37:22 Masonry
38:23 Gold Mining
39:09 Bracer
42:07 Pikeman
42:54 Halberdier
MkobeW
7:27 Loom
9:57 Feudal Age
10:30 Double-Bit Axe
19:16 Castle Age
17:20 Horse Collar
17:42 Gold Mining
18:17 Fletching
19:28 Crossbowman
20:09 Bodkin Arrow
21:18 Ballistics
23:48 Bow Saw
24:39 Heavy Plow
27:56 Wheelbarrow
27:39 Caravan
28:33 Thumb Ring
31:52 Hand Cart
34:42 Imperial Age
32:26 Stone Mining
34:28 Gold Shaft Mining
35:26 Bracer
35:27 Padded Archer Armor
34:51 Arbalester
36:41 Chemistry
36:45 Siege Engineers
37:54 Leather Archer Armor
40:56 Scale Mail Armor
41:06 Forging
41:25 Masonry
40:54 Halberdier
41:35 Squires
41:20 Arson
41:52 Chain Mail Armor
43:08 Iron Casting
44:09 Plate Mail Armor
46:03 Blast Furnace
Treebeard49
10:30 Feudal Age
11:20 Loom
16:00 Castle Age
16:29 Double-Bit Axe
16:26 Horse Collar
17:50 Bow Saw
23:58 Scale Mail Armor
25:52 Wheelbarrow
28:33 Heavy Plow
29:27 Forging
30:19 Squires
30:47 Hand Cart
31:30 Stone Mining
36:45 Imperial Age
34:33 Chain Mail Armor
34:23 Gold Mining
34:31 Arson
35:47 Gold Shaft Mining
35:50 Stone Shaft Mining
37:37 Iron Casting
38:08 Plate Mail Armor
38:01 Conscription
37:02 Hamask
38:20 Elite Jomsviking
40:25 Blast Furnace
40:39 Fletching
42:38 Pikeman
45:24 Chemistry
44:30 Siege Engineers
44:03 Halberdier
Pocket Lint
7:03 Loom
9:20 Feudal Age
9:56 Double-Bit Axe
9:58 Horse Collar
11:15 Town Watch
19:43 Castle Age
18:06 Gold Mining
18:35 Fletching
19:38 Bloodlines
20:42 Bodkin Arrow
20:58 Bow Saw
22:03 Padded Archer Armor
27:45 Ballistics
28:27 Leather Archer Armor
29:43 Husbandry
32:59 Wheelbarrow
34:14 Hand Cart
35:19 Thumb Ring
39:09 Imperial Age
37:05 Treadmill Crane
39:01 Town Patrol
40:13 Bracer
39:36 Heavy Cavalry Archer
41:15 Masonry
42:26 Parthian Tactics
42:25 Sipahi
43:38 Conscription
44:30 Artillery
46:22 Ring Archer Armor
Vx | Asphyxya
4:12 Loom
10:25 Feudal Age
14:59 Castle Age
13:41 Double-Bit Axe
14:21 Horse Collar
22:23 Padded Archer Armor
28:16 Wheelbarrow
29:29 Bow Saw
29:45 Hand Cart
34:08 Imperial Age
31:40 Town Watch
32:29 Stone Mining
32:31 Gold Mining
32:44 Heavy Plow
33:05 Leather Archer Armor
34:38 Stone Shaft Mining
34:43 Bloodlines
34:34 Husbandry
35:03 Elite Conquistador
36:49 Ring Archer Armor
40:44 Caravan
42:06 Hoardings
42:30 Town Patrol
45:36 Fletching
VX | Obligame Perro!
7:06 Loom
9:28 Feudal Age
10:12 Double-Bit Axe
16:30 Scale Barding Armor
21:58 Castle Age
19:48 Horse Collar
20:00 Gold Mining
21:01 Bloodlines
22:04 Light Cavalry
23:42 Chain Barding Armor
23:46 Husbandry
24:59 Wheelbarrow
25:56 Bow Saw
25:47 Heavy Plow
27:53 Hand Cart
34:55 Imperial Age
34:12 Gold Shaft Mining
35:00 Cavalier
36:16 Plate Barding Armor
36:52 Paladin
40:41 Fletching
41:51 Caravan
42:59 Two-Man Saw
42:29 Crop Rotation
VX | JARV
8:24 Loom
10:33 Feudal Age
11:54 Double-Bit Axe
14:31 Castle Age
12:38 Horse Collar
16:38 Bow Saw
20:56 Heavy Plow
23:25 Wheelbarrow
23:42 Bloodlines
26:11 Hand Cart
28:40 Imperial Age
27:42 Bloodlines
27:32 Husbandry
27:38 Scale Barding Armor
27:43 Forging
29:13 Chain Barding Armor
28:36 Cavalier
31:06 Savar
33:48 Plate Barding Armor
34:04 Heavy Scorpion
35:11 Town Watch
37:38 Iron Casting
37:38 Coinage
40:27 Two-Man Saw
39:59 Crop Rotation
39:32 Town Patrol
41:33 Ballistics
42:14 Chemistry
41:24 Caravan
42:55 Masonry
David Rasie
7:08 Loom
9:15 Feudal Age
9:49 Double-Bit Axe
10:37 Horse Collar
19:29 Castle Age
19:18 Forging
20:07 Bloodlines
20:15 Husbandry
20:34 Bow Saw
20:46 Bloodlines
22:25 Light Cavalry
24:52 Wheelbarrow
24:37 Heavy Plow
25:55 Hand Cart
26:30 Gold Mining
26:36 Stone Mining
31:40 Imperial Age
29:44 Scale Barding Armor
29:38 Town Watch
31:18 Chain Barding Armor
31:33 Town Patrol
31:43 Cavalier
32:48 Conscription
32:54 Vendel Legacy
34:36 Crop Rotation
37:11 Plate Barding Armor
38:00 Two-Man Saw
37:42 Caravan
39:48 Iron Casting
39:22 Treadmill Crane
39:56 Fletching
41:18 Masonry
42:47 Blast Furnace
41:49 Elite Jarl
44:25 Architecture
44:36 Hussar
45:07 Gothikon
46:20 Bodkin Arrow
Connection lost

Rejoining the realm…

Still unreachable

The connection could not be restored.

Session expired

The server has moved on; the page needs a fresh start.